 Dungeon Crawl Stone Soup version 0.28.0-43-g3370ac3207 (webtiles) character file.

Game seed: 3852031892581509848

98 croobank the Sneak (level 4, -3/27 HPs)
             Began as an Octopode Fire Elementalist on Mar 5, 2022.
             Was a Follower of Wu Jian.
             Killed by divine providence
             ... invoked by an orc priest
              (9 damage)
             ... on level 3 of the Dungeon.
             The game lasted 00:08:09 (2792 turns).

croobank the Sneak (Octopode Fire Elementalist)     Turns: 2792, Time: 00:08:09

Health: -3/27      AC:  1    Str:  7    XL:     4   Next: 69%
Magic:  1/7        EV: 13    Int: 25    God:    Wu Jian [*.....]
Gold:   113        SH:  0    Dex: 12    Spells: 1/8 levels left

rFire   . . .      SeeInvis .   c - +0 dagger (vamp)
rCold   . . .      Faith    .   (no shield)
rNeg    . . .      Spirit   .   (helmet restricted)
rPois   .          Reflect  .   (no amulet)
rElec   .          Harm     .   m - +6 ring of intelligence
rCorr   .          Rampage  .   (no ring)
Will    .....                   (no ring)
Stlth   +++.......              (no ring)
HPRegen 0.09/turn               (no ring)
MPRegen 0.10/turn               (no ring)
                                (no ring)
                                (no ring)

@: brilliant
A: almost no armour, amphibious, 8 rings, camouflage 1, gelatinous body 1,
(nimble swimmer 1), tentacles
a: Renounce Religion


You were on level 3 of the Dungeon.
You worshipped Wu Jian.
Wu Jian was aware of your devotion.
You visited 1 branch of the dungeon, and saw 3 of its levels.

You collected 113 gold pieces.

Inventory:

Hand Weapons
 c - a +0 vampiric dagger (weapon)
Missiles
 d - 37 bolts
 e - 56 stones
 j - 44 arrows
Jewellery
 m - a +6 ring of intelligence (left tentacle)
Wands
 g - a wand of digging (7)
Scrolls
 f - a scroll of fog
 h - 3 scrolls of identify
 k - a scroll of teleportation {unknown}
 l - a scroll of enchant weapon {unknown}
Potions
 a - a potion of degeneration
 b - 2 potions of curing


   Skills:
 + Level 2.7 Dodging
 + Level 3.9 Stealth
 + Level 2.6 Spellcasting
 + Level 2.0 Conjurations
 + Level 3.5 Fire Magic


You had one spell level left.
You knew the following spells:

 Your Spells              Type           Power      Damage    Failure   Level
a - Foxfire               Conj/Fire      100%       2x1d9     3%          1
b - Scorch                Fire           62%        2d8       3%          2
c - Flame Wave            Conj/Fire      25%        2d7       32%         4

Your spell library contained the following spells:

 Spells                   Type           Power      Damage    Failure   Level
 Apportation              Tloc           8%         N/A       11%         1
 Conjure Flame            Conj/Fire      25%        6-21      10%         3
 Inner Flame              Hex/Fire       18%        N/A       16%         3
 Alistair's Intoxication  Tmut/Pois      2%         N/A       96%         5
 Summon Forest            Summ/Tloc      2%         N/A       96%         5
 Eringya's Noxious Bog    Tmut/Pois      2%         N/A       100%        6
 Summon Hydra             Summ           2%         N/A       100%        7


Dungeon Overview and Level Annotations

Branches:
Dungeon (3/15)

Altars:
Nemelex Xobeh
Wu Jian

Shops:
D:3 (


Innate Abilities, Weirdness & Mutations

You cannot wear most types of armour.
You are amphibious.
You can wear up to eight rings at the same time.
Your skin changes colour to match your surroundings (Stealth+).
Your rubbery body absorbs attacks. (AC +1, EV +1)
((You are camouflaged when in or above water. (Stealth+)))
You have tentacles for arms and can constrict up to eight enemies at once.


Message History

The Council accepts your kill.
An orc priest comes into view. It is wielding a +0 whip.
Casting: Scorch (safe; 3% risk of failure)
Confirm with . or Enter, or press ? or * to list all spells.
You don't have enough magic to cast this spell.
Casting: Scorch (safe; 3% risk of failure)
Confirm with . or Enter, or press ? or * to list all spells.
You don't have enough magic to cast this spell.
You barely miss the orc priest. You grab the orc priest.
You squeeze the orc priest, but do no damage.
You constrict the orc priest. The orc priest hits you with a +0 whip.
You completely miss the orc priest.
The orc priest is lightly wounded.
You constrict the orc priest, but do no damage.
The orc priest mumbles some strange prayers to Beogh against you.
Pain shoots through your body!
You hit the orc priest but do no damage.
The orc priest is lightly wounded.
You constrict the orc priest. The orc priest barely misses you.
You hit the orc priest but do no damage.
The orc priest is moderately wounded.
You constrict the orc priest.
You hear a shout!
The orc priest mumbles some strange prayers to Beogh against you.
Pain shoots through your body! The hobgoblin barely misses you.
You hear a shout!
It was a potion of brilliance.
You feel clever all of a sudden.
You constrict the orc priest, but do no damage.
The orc priest hits you with a +0 whip.
* * * LOW HITPOINT WARNING * * *
The hobgoblin completely misses you.
Casting: Scorch (safe; 3% risk of failure)
Confirm with . or Enter, or press ? or * to list all spells.
Okay, then.
You release your grip on the orc priest.
A goblin comes into view. It is wielding a +0 club.
The orc priest invokes the aid of Beogh against you.
Beogh smites you!
You die...

##♣∩♣####...
#..# #.#.. #
#.♣# #.... ###
#.# #...# ..#
#.# #...#
#.####.# ...#
#......### #..#
#####....#
#..## ##
#.##.## #.@)#
.## #.##..#
#)#o#
..###.###.##
#.#gg# ......#
#..## #.##.).
.....## ##..#
#.####..#
.....#
##.###g.# #..#
.....#
#..##.)## #.#
.....#
##.##...### .##
...<.###
#.........#....


You could see an orc priest, a hobgoblin (strong) and 2 goblins.

Vanquished Creatures
  Robin (D:3)
  2 adders (D:2)
  2 worms (D:2)
  A dart slug (D:1)
  An orc (D:3)
  3 ball pythons
  7 endoplasms
  2 giant cockroaches
  11 goblins
  7 hobgoblins
  2 quokkas
  7 bats
  A frilled lizard (D:1)
  2 kobolds (D:1)
  7 rats
56 creatures vanquished.

Vanquished Creatures (others)
  67 foxfires
67 creatures vanquished.

Grand Total: 123 creatures vanquished

Notes
Turn   | Place    | Note
-------+----------+-------------------------------------------
     0 | D:1      | croobank the Octopode Fire Elementalist began the quest for
                  | the Orb.
     0 | D:1      | Reached XP level 1. HP: 11/11 MP: 3/3
   295 | D:1      | Found a faded altar of an unknown god.
   411 | D:1      | Found an ornate altar of the Wu Jian Council.
   421 | D:1      | Reached XP level 2. HP: 7/17 MP: 5/5
   446 | D:1      | Became a worshipper of the Wu Jian Council
   602 | D:1      | Learned a level 2 spell: Scorch
  1278 | D:2      | Reached XP level 3. HP: 21/21 MP: 3/6
  1881 | D:2      | Reached XP level 4. HP: 27/27 MP: 3/7
  2036 | D:2      | Learned a level 4 spell: Flame Wave
  2085 | D:2      | Found a sparkling altar of Nemelex Xobeh.
  2417 | D:3      | Reached * piety under Wu Jian
  2527 | D:3      | Found Tozuado's Antique Weapon Shop.
  2778 | D:3      | Noticed Robin
  2786 | D:3      | Killed Robin
  2792 | D:3      | Killed from afar by an orc priest

Illustrated notes

Levels and vault maps discovered:
D:1:      dpeg_arrival_simpleton_b, layout_loops_corners,
          ebering_ecumenical_altar_box, minmay_hexomino_r4
D:2:      layout_loops_ring, basic_altar, ebering_dispersal_statue_hall,
          minmay_misc_feat_encased
D:3:      layout_rooms, serial_shops, nicolae_shop_trees, grunt_ministairs_6,
          uniq_robin

Skill      XL: |  1  2  3  4 |
---------------+-------------+-----
Stealth        | 3 |  3.9
Conjurations   | 2 |  2.0
Dodging        | |  2.7
Spellcasting   | |  2.6
Fire Magic     | |  3.5

Action                   |  1- 3 |  4- 6 || total
-------------------------+-------+-------++-------
Melee: Dagger            |    28 |    30 ||    58
       Tentacles         |     5 |     5 ||    10
       Constrict         |    12 |     7 ||    19
       Punch             |     2 |     4 ||     6
 Cast: Foxfire           |    28 |    12 ||    40
       Scorch            |    15 |     3 ||    18
Invok: Lunge             |       |     2 ||     2
       Whirlwind         |       |     2 ||     2
  Use: Scroll            |     3 |       ||     3
       Potion            |       |     1 ||     1
 Stab: Sleeping          |     2 |     3 ||     5
       Distracted        |       |     1 ||     1
Armor: Skin              |     2 |       ||     2
Dodge: Dodged            |    32 |    17 ||    49
